 Dungeon Crawl Stone Soup version 0.27-a0-1196-g3e9cee4cb2 (webtiles) character file.

Game seed: 7938930598596928179

2 lightspider the Skirmisher (level 1, -1/22 HPs)
             Began as a Draconian Wanderer on May 28, 2021.
             Frozen to death by an endoplasm (5 damage)
             ... on level 1 of the Dungeon.
             The game lasted 00:01:24 (25 turns).

lightspider the Skirmisher (Draconian Wanderer)       Turns: 25, Time: 00:01:25

Health: -1/22      AC:  4    Str: 12    XL:     1   Next: 25%
Magic:  1/1        EV: 11    Int: 16    God:
Gold:   0          SH:  3    Dex:  8    Spells: 0/0 levels left

rFire    . . .     SeeInvis .   a - +2 hand axe
rCold    . . .     Faith    .   c - +0 buckler
rNeg     . . .     Spirit   .   (armour unavailable)
rPois    .         Reflect  .   (helmet restricted)
rElec    .         Harm     .   (no cloak)
rCorr    .         Rampage  .   (no gloves)
Will     .....                  (no boots)
Stlth    +.........             (no amulet)
HPRegen  0.07/turn              (no ring)
MPRegen  0.07/turn              (no ring)

@: slowed, very slow
A: AC +4, unfitting armour, cold-blooded
a: no special abilities


You were on level 1 of the Dungeon.
You visited 1 branch of the dungeon, and saw 1 of its levels.

Inventory:

Hand Weapons
 a - a +2 hand axe (weapon)
 b - a +0 spear
Armour
 c - a +0 buckler (worn)


   Skills:
 + Level 4.4 Fighting
 + Level 3.0 Axes
 + Level 1.0 Dodging
 + Level 1.0 Stealth
 + Level 1.0 Shields


You couldn't memorise any spells.
You didn't know any spells.
Your spell library was empty.

Dungeon Overview and Level Annotations

Branches:
Dungeon (1/15)

Altars:


Innate Abilities, Weirdness & Mutations

Your plain brown scales are hard. (AC +4)
You cannot fit into any form of body armour.
You are cold-blooded and may be slowed by cold attacks.


Message History

The bat closely misses you. The bat hits you.
Something slaps the naga.
Something barely misses the draconian.
Something slaps the draconian.
Found 19 arrows.
You barely miss the bat. The bat hits you but does no damage.
An endoplasm comes into view.
The bat hits you but does no damage. x2
The bat closely misses you. The hobgoblin hits you.
The bat hits you but does no damage.
You hit the bat.
You kill the bat!
You closely miss the hobgoblin.
The endoplasm quivers.
The hobgoblin hits you.
You closely miss the hobgoblin. The hobgoblin hits you.
You hit the hobgoblin.
The hobgoblin is heavily wounded.
The hobgoblin hits you but does no damage.
You hit the hobgoblin.
The hobgoblin is almost dead.
The hobgoblin hits you. x2
You hit the hobgoblin.
You kill the hobgoblin!
You hit the endoplasm. The endoplasm freezes you.
You are frozen.
You feel yourself slow down.
You are too injured to fight recklessly!
You are too injured to fight recklessly!
You hit the endoplasm.
The endoplasm is heavily wounded.
The endoplasm hits you but does no damage. x2
You barely miss the endoplasm.
The endoplasm is heavily wounded.
You block the endoplasm's attack. The endoplasm freezes you.
You are frozen.
* * * LOW HITPOINT WARNING * * *
You feel as though you will be slow longer.
The endoplasm freezes you.
You are frozen.
You die...

... ...... ..##......
#.........
#####..#.#...#..
...............
#............. #
#...###.......
#.#####.............
#....#J@##...#######
##.†..##...#Nfip.#
#.....##...#dw≈≈.#
........(###<.#†w≈wn#
......#..# #..#eX≈≈.#
(..#.##..# #..#[ww..#
...#. #..# #..#######
.. #. ...# ##........
##.# ##.......


You could see an endoplasm.

Vanquished Creatures
  A hobgoblin (D:1)
  A bat (D:1)
2 creatures vanquished.

Vanquished Creatures (others)
  A ghoul (D:1)
  A draconian (D:1)
  3 octopodes (D:1)
  A vine stalker (D:1)
  An elf (D:1)
  A troll (D:1)
  2 spriggans (D:1)
  A human (D:1)
  A naga (D:1)
  10 tentacles (D:1)
22 creatures vanquished.

Grand Total: 24 creatures vanquished

Notes
Turn   | Place    | Note
-------+----------+-------------------------------------------
     0 | D:1      | lightspider the Draconian Wanderer began the quest for the
                  | Orb.
     0 | D:1      | lightspider set off with the following items: a +2 hand
                  | axe, a +0 spear, a +0 buckler
     0 | D:1      | Reached XP level 1. HP: 22/22 MP: 1/1
     0 | D:1      | Noticed a naga
     0 | D:1      | Noticed a vine stalker
     0 | D:1      | Noticed a spriggan
     0 | D:1      | Noticed a human
     0 | D:1      | Noticed a draconian
     0 | D:1      | Noticed a ghoul
     0 | D:1      | Noticed a spriggan
     0 | D:1      | Noticed a kraken
     0 | D:1      | Noticed an octopode
     0 | D:1      | Noticed an elf
     0 | D:1      | Noticed a troll
     0 | D:1      | Noticed an octopode
     0 | D:1      | Noticed an octopode
     5 | D:1      | Killed an octopode
     7 | D:1      | Killed an octopode
     8 | D:1      | Killed an octopode
     9 | D:1      | Killed a troll
    10 | D:1      | Killed a spriggan
    12 | D:1      | Killed an elf
    12 | D:1      | Killed a spriggan
    16 | D:1      | Killed a draconian
    16 | D:1      | Killed a naga
    18 | D:1      | Killed a human
    19 | D:1      | Killed a vine stalker
    22 | D:1      | Killed a ghoul
    25 | D:1      | Frozen to death by an endoplasm

Illustrated notes

Levels and vault maps discovered:
D:1:      nicolae_arrival_kraken_aquarium_a, layout_rooms,
          chequers_ecumenical_altar_grove

Action                   || total
-------------------------++-------
Melee: Hand axe          ||    12
Armor: Skin              ||    12
Dodge: Dodged            ||     6
Block: Buckler           ||     1

Table legend: (Time is in decaauts)
 A = Elapsed time spent in this place.
 B = Non-inter-level travel time spent in this place.
 C = Inter-level travel time spent in this place.
 D = Time resting spent in this place.
 E = Time spent auto-exploring this place.
 F = Levels seen in this place.
 G = Mean time per level.
                   A        B        C        D        E       F      G
               +--------+--------+--------+--------+--------+-----+--------+
         Total |     28 |     28 |      0 |      0 |      4 |   1 |   28.0 |
       Dungeon |     28 |     28 |      0 |      0 |      4 |   1 |   28.0 |
               +--------+--------+--------+--------+--------+-----+--------+

Top non-repeatable levels by time:
     D:1: 28 daAuts
